 Dungeon Sprint DCSS version 0.21-a0-278-ga722497 (webtiles) character file.

70 potatolord6000 the Chopper (level 4, -9/44 HPs)
             Began as a Hill Orc Monk on Sept 22, 2017.
             Was a High Priest of Beogh.
             Mangled by a black mamba (11 damage)
             ... in the Dungeon (Sprint VII: "The Pits").
             The game lasted 00:01:57 (730 turns).

potatolord6000 the Chopper (Hill Orc Monk)           Turns: 730, Time: 00:01:58

Health: -9/44      AC: 12    Str: 14    XL:     4   Next: 22%
Magic:  1/7        EV:  7    Int: 10    God:    Beogh [*****.]
Gold:   0          SH:  0    Dex: 13    Spells: 3/3 levels left

rFire    . . .     SeeInvis .   b - +2 hand axe (chop)
rCold    . . .     Gourm    .   (no shield)
rNeg     . . .     Faith    .   p - +3 chain mail
rPois    .         Spirit   .   (no helmet)
rElec    .         Reflect  .   (no cloak)
rCorr    .         Harm     .   (no gloves)
MR       .....     NoTele   +   (no boots)
Stlth    ..........             (no amulet)
HPRegen  0.14/turn              (no ring)
MPRegen  0.10/turn              (no ring)

@: no status effects
A: walk on water
a: Smiting, Recall Orcish Followers, Give Item to Named Follower, Renounce
Religion


You were in the Dungeon.
You worshipped Beogh.
Beogh was extremely pleased with you.
You were completely stuffed.

You visited 1 branch

Inventory:

Hand Weapons
 b - a +2 hand axe of chopping (weapon)
Armour
 p - a +3 chain mail (worn)
Scrolls
 i - a scroll of blinking
 k - 3 scrolls of remove curse
 l - 5 scrolls of amnesia
 m - a scroll of summoning
Potions
 a - 2 potions of invisibility
 d - 4 potions of curing
 e - 5 potions of heal wounds
 f - a potion of haste
 g - 4 potions of magic
 h - 3 potions of berserk rage
Comestibles
 c - 8 bread rations
 n - 40 fruits
 o - 5 meat rations


   Skills:
 + Level 5.9 Fighting
 + Level 6.6 Axes
 + Level 4.0 Armour
 - Level 2.4 Dodging
 - Level 1.5 Stealth
 + Level 4.8 Invocations


You had 3 spell levels left.
You didn't know any spells.

Dungeon Overview and Level Annotations

Branches:
Dungeon (1/1)

Altars:
Ashenzari
Cheibriados
Dithmenos
Elyvilon
Fedhas
Gozag
Hepliaklqana
Kikubaaqudgha
Makhleb
Nemelex Xobeh
Okawaru
Qazlal
Ru
Sif Muna
Trog
Uskayaw
Vehumet
Wu Jian
Xom
Yredelemnul
Zin
The Shining One
Beogh
Jiyva
Lugonu


Message History

Your orc misses the black mamba.
Unknown command.
You feel better.
The black mamba bites you but does no damage.
The black mamba bites you!
* * * LOW HITPOINT WARNING * * *
You are lethally poisoned!
The black mamba poisons you!
Your orc barely misses the black mamba.
You feel better.
The black mamba bites you but does no damage.
The black mamba bites you!
* * * LOW HITPOINT WARNING * * *
Your orc closely misses the black mamba.
Aiming: Smiting
Press: ? - help, Dir - move target cursor, f/p - black mamba Smite: a black mamba (heavily wounded)
You smite the black mamba!
The black mamba is almost dead.
The black mamba bites you!
You die...

#.#..#.)))[##.......#
#†###########.......#
#.......# #########
#..#.#..# #.##.##.#
#.†.o...#+#
#.##.##.#.+
#..#.#.o#S#
#......oo@#
###########


You could see a black mamba, a friendly orc priest and 2 friendly orcs.

Vanquished Creatures
  An iguana (D)
  An adder (D)
  An ooze (D)
  An adder zombie (D)
  A leopard gecko (D)
  A giant cockroach (D)
  A hobgoblin (D)
  4 jackals (D)
  A ball python (D)
  A giant cockroach zombie (D)
  A leopard gecko skeleton (D)
  2 rats (D)
16 creatures vanquished.

Vanquished Creatures (collateral kills)
  A gnoll (D)
  An adder (D)
  A bat (D)
3 creatures vanquished.

Grand Total: 19 creatures vanquished

Notes
Turn   | Place    | Note
-------+----------+-------------------------------------------
     0 | D        | potatolord6000 the Hill Orc Monk began the quest for the Orb.
     0 | D        | Reached XP level 1. HP: 19/19 MP: 1/1
    20 | D        | Found a bloodstained altar of Trog.
    20 | D        | Found a deep blue altar of Sif Muna.
    20 | D        | Found a viscous altar of Jiyva.
    20 | D        | Found a hazy altar of Hepliaklqana.
    20 | D        | Found an opulent altar of Gozag.
    51 | D        | Found a glowing golden altar of the Shining One.
    51 | D        | Found a glowing silver altar of Zin.
    51 | D        | Found a basalt altar of Yredelemnul.
    51 | D        | Found a shimmering altar of Xom.
    51 | D        | Found an ornate altar of the Wu Jian Council.
    51 | D        | Found a sacrificial altar of Ru.
    51 | D        | Found a stormy altar of Qazlal.
    51 | D        | Found an iron altar of Okawaru.
    51 | D        | Found a sparkling altar of Nemelex Xobeh.
    51 | D        | Found a burning altar of Makhleb.
    51 | D        | Found a blossoming altar of Fedhas.
    51 | D        | Found a white marble altar of Elyvilon.
    51 | D        | Found a shadowy altar of Dithmenos.
    51 | D        | Found a snail-covered altar of Cheibriados.
    54 | D        | Found a corrupted altar of Lugonu.
    54 | D        | Found a radiant altar of Vehumet.
    54 | D        | Found a roughly hewn altar of Beogh.
    56 | D        | Found a shattered altar of Ashenzari.
    56 | D        | Found an ancient bone altar of Kikubaaqudgha.
    56 | D        | Found a hide-covered altar of Uskayaw.
    63 | D        | Became a worshipper of Beogh the Brigand
    63 | D        | Reached * piety under Beogh
    63 | D        | Reached ** piety under Beogh
    89 | D        | Reached skill level 1 in Armour
    89 | D        | Reached skill level 1 in Invocations
   113 | D        | Reached skill level 5 in Axes
   113 | D        | Reached XP level 2. HP: 28/28 MP: 3/3
   115 | D        | Reached *** piety under Beogh
   125 | D        | Reached **** piety under Beogh
   395 | D        | Reached skill level 5 in Fighting
   395 | D        | Reached XP level 3. HP: 32/36 MP: 5/5
   399 | D        | Reached ***** piety under Beogh
   414 | D        | Reached skill level 6 in Axes
   414 | D        | Reached XP level 4. HP: 41/44 MP: 5/7
   723 | D        | Noticed a black mamba
   729 | D        | HP: 1/44 [black mamba (13)]
   730 | D        | Mangled by a black mamba

Vault maps used:
D:        pitsprint

Skill      XL: |  1  2  3  4 |
---------------+-------------+-----
Fighting       | 4 5 |  5.9
Armour         | 1 3 4 |  4.0
Invocations    | 2 3 4 |  4.8
Axes           | 5 6 |  6.6
Dodging        | |  2.4
Stealth        | |  1.5

Action                   |  1- 3 |  4- 6 || total
-------------------------+-------+-------++-------
Melee: Hand axe          |    40 |     9 ||    49
Invok: Smiting           |       |     2 ||     2
  Use: Potion            |     1 |     2 ||     3
 Stab: Sleeping          |     2 |       ||     2
  Eat: Meat ration       |       |     2 ||     2
Armor: Robe              |    11 |       ||    11
       Chain mail        |     8 |     4 ||    12
Dodge: Dodged            |    45 |     2 ||    47

Table legend:
 A = Spawn XP
 B = Non-spawn XP
 C = Spawn XP percentage of total XP
 D = Spawn monster count
 E = Non-spawn monster count
 F = Spawn count percentage of total count
 G = Total turns spent on level
                    A         B        C        D         E        F      G
               +---------+---------+-------+---------+---------+-------+---------
         Total |       0 |     101 |   0.0 |       0 |      19 |   0.0 |   730
               +---------+---------+-------+---------+---------+-------+---------
             D |       0 |     101 |   0.0 |       0 |      19 |   0.0 |   730
               +---------+---------+-------+---------+---------+-------+---------
